 Dungeon Crawl Stone Soup version 0.26.0-45-g9c1d065592 (webtiles) character file.

Game seed: 17924869700813293966

609 jlumianski the Chopper (level 7, -8/63 HPs)
             Began as a Palentonga Fighter on Jan 31, 2021.
             Killed by nerve-wracking pain
             ... invoked by Grinder
              (13 damage)
             ... while paralysed by Grinder
             ... on level 4 of the Dungeon.
             The game lasted 00:16:11 (5378 turns).

jlumianski the Chopper (Palentonga Fighter)         Turns: 5378, Time: 00:16:12

Health: -8/63      AC: 14    Str: 21    XL:     7   Next: 19%
Magic:  7/7        EV:  1    Int:  9    God:
Gold:   262        SH:  0    Dex:  9    Spells: 6/6 levels left

rFire    + . .     SeeInvis +   a - +0 war axe
rCold    + . .     Faith    .   c - +0 kite shield
rNeg     . . .     Spirit   .   b - +0 scale mail
rPois    .         Reflect  .   (no helmet)
rElec    .         Harm     .   s - scarf {rC+ rF+}
rCorr    +         Rampage  .   (no gloves)
Will     .....                  (no barding)
Stlth    ..........             (no amulet)
HPRegen  0.20/turn              m - ring of resist corrosion
MPRegen  0.10/turn              (no ring)

@: paralysed, curled up
A: large, rugged brown scales 3, see invisible, deformed body, roll 1, armoured
tail, reflexive curl
a: Rolling Charge


You were on level 4 of the Dungeon.
You visited 1 branch of the dungeon, and saw 5 of its levels.

You collected 262 gold pieces.

Inventory:

Hand Weapons
 a - a +0 war axe (weapon)
 u - a +1 whip of electrocution
 v - a cursed +0 short sword
Missiles
 h - 152 stones
 p - 7 poisoned darts (quivered)
Armour
 b - a +0 scale mail (worn)
 c - a +0 kite shield (worn)
 s - a scarf of resistance (worn)
Jewellery
 m - a ring of resist corrosion (left hand)
 t - an uncursed ring of magical power
Wands
 x - a wand of iceblast (11)
Scrolls
 f - 2 scrolls of teleportation
 i - 4 scrolls of remove curse {unknown}
 j - a scroll of amnesia {unknown}
 k - 2 scrolls of enchant armour {unknown}
 l - 2 scrolls of blinking {unknown}
 n - 3 scrolls of identify
 w - a scroll of fog {unknown}
Potions
 d - 3 potions of might
 e - 2 potions of heal wounds
 g - a potion of brilliance {unknown}
 o - a potion of lignification {unknown}
 q - 2 potions of curing
 r - a potion of magic {unknown}
 z - 2 potions of invisibility {unknown}


   Skills:
 + Level 4.0 Fighting
 + Level 5.1 Axes
 + Level 4.0 Armour
 + Level 1.2 Dodging
 + Level 0.1 Stealth
 + Level 3.5 Shields


You had 6 spell levels left.
You didn't know any spells.
Your spell library was empty.

Dungeon Overview and Level Annotations

Branches:
Dungeon (5/15)
 Temple: D:4-7

Altars:
Ashenzari
Sif Muna

Annotations:
D:4 1 runed translucent door, Crazy Yiuf, Eustachio, Grinder


Innate Abilities, Weirdness & Mutations

You are completely covered in rugged brown scales. (AC +3, +7% HP)
You have supernaturally acute eyesight. (SInv)
Armour fits poorly on your strangely shaped body.
You can roll at nearby foes to attack.
You have a long armoured tail.
You curl defensively after being hit.


Message History

The gnoll hits you but does no damage.
You can move again.
A gnoll comes into view.
The gnoll hits you.
* * * LOW HITPOINT WARNING * * *
The iguana bites you but does no damage.
Grinder gestures at you.
You suddenly lose the ability to move!
The gnoll shouts!
Grinder blinks!
The gnoll hits you.
* * * LOW HITPOINT WARNING * * *
Grinder gestures at you. Pain shoots through your body!
* * * LOW HITPOINT WARNING * * *
The gnoll hits you.
* * * LOW HITPOINT WARNING * * *
The gnoll hits you but does no damage. Grinder gestures at you.
Pain shoots through your body!
You die...

....########
...........
.......... .........
#........
###########........
#....<.##..........
#......##g#........
#...5..@gl.........
#......##.#........
##########.#.......#
#......#...#..###.#.
#........###.## #.#.
#......### #.# #...#
#......# #.##.....
#......# #.#.....##
.. #......#
#......#..#. .


You could see Grinder, an iguana and 2 gnolls.

Vanquished Creatures
  2 ogres (D:3)
  A hound (D:2)
  An orc priest (D:4)
  4 orc wizards
  An iguana (D:3)
  A worker ant (D:4)
  A hound skeleton (D:4)
  4 gnolls
  4 adders
  A howler monkey skeleton (D:4)
  A white imp (D:4)
  An ooze (D:1)
  An adder skeleton (D:4)
  2 dart slugs
  5 leopard geckos
  17 orcs
  6 giant cockroaches
  5 goblins
  7 hobgoblins
  10 jackals
  8 kobolds
  A quokka (D:2)
  8 bats
  3 frilled lizards
  4 rats
99 creatures vanquished.

Vanquished Creatures (others)
  2 ogres (D:4)
  A hound (D:4)
  A jackal (D:4)
  2 quokkas (D:4)
  A frilled lizard (D:4)
7 creatures vanquished.

Grand Total: 106 creatures vanquished

Notes
Turn   | Place    | Note
-------+----------+-------------------------------------------
     0 | D:1      | jlumianski the Palentonga Fighter began the quest for the
                  | Orb.
     0 | D:1      | Reached XP level 1. HP: 20/20 MP: 1/1
   242 | D:1      | Reached XP level 2. HP: 24/27 MP: 2/2
  1231 | D:2      | Reached XP level 3. HP: 33/33 MP: 3/3
  1294 | D:4      | Killed an ogre
  1301 | D:4      | Killed an ogre
  1412 | D:3      | Reached skill level 3 in Axes
  1412 | D:3      | Reached XP level 4. HP: 40/40 MP: 4/4
  1797 | D:3      | Reached XP level 5. HP: 42/48 MP: 5/5
  1996 | D:2      | Found a broken altar of Ashenzari.
  2608 | D:2      | Reached skill level 4 in Axes
  3379 | D:3      | Reached XP level 6. HP: 49/54 MP: 6/6
  3436 | D:3      | Found a shimmering blue altar of Sif Muna.
  3823 | D:4      | Noticed an orc warrior
  3861 | D:2      | HP: 2/54 [hound (3)]
  4359 | D:3      | Reached skill level 1 in Dodging
  4724 | D:5      | Entered Level 5 of the Dungeon
  4775 | D:4      | Found a runed translucent door.
  4776 | D:4      | Noticed Crazy Yiuf
  4776 | D:4      | Noticed Eustachio
  5031 | D:3      | Reached skill level 5 in Axes
  5031 | D:3      | Gained mutation: You curl defensively after being hit.
                  | [Palentonga growth]
  5031 | D:3      | Reached XP level 7. HP: 38/62 MP: 7/7
  5363 | D:4      | Noticed Grinder
  5366 | D:4      | Paralysed by Grinder for 4 turns
  5374 | D:4      | Paralysed by Grinder for 5 turns
  5378 | D:4      | Killed from afar by Grinder

Illustrated notes

Levels and vault maps discovered:
D:1:      dpeg_arrival_central, layout_basic, grunt_decor_cap,
          amcnicky_mini_corridor_feature
D:2:      minmay_alternating_diamond, layout_basic, ashenzari_altar_1
D:3:      layout_basic, general_overflow_altar
D:4:      layout_rooms, minmay_temple_entry_mini_moons, xom_confusion_cloud,
          uniq_crazy_yiuf_cottage, uniq_eustachio, uniq_grinder
D:5:      layout_gridville, bloody_trog, nemelex_xobeh_ov_fountains_minmay,
          minmay_joined_circles

Skill      XL: |  1  2  3  4  5  6  7 |
---------------+----------------------+-----
Shields        | 3 |  3.5
Axes           | 3 4 5 |  5.1
Armour         | 3 4 |  4.0
Dodging        | 1 |  1.2
Fighting       | 4 |  4.0
Stealth        | |  0.1

Action                   |  1- 3 |  4- 6 |  7- 9 || total
-------------------------+-------+-------+-------++-------
Melee: War axe           |    77 |   239 |    20 ||   336
       Tailslap          |     6 |    27 |     1 ||    34
Throw: Stone             |     4 |       |       ||     4
       Dart              |       |     2 |     5 ||     7
 Abil: Rolling Charge    |    10 |    25 |     3 ||    38
  Use: Scroll            |     2 |     2 |       ||     4
       Potion            |       |     2 |       ||     2
Armor: Scale mail        |    46 |    99 |     8 ||   153
Dodge: Dodged            |    23 |    56 |     4 ||    83
Block: Kite shield       |    48 |   118 |     6 ||   172
